 Dungeon Crawl Stone Soup version 0.18-a0-1683-gf9322e6 (webtiles) character file.

31603 namelastname112 the Carver (level 13, 0/116 HPs)
             Began as a Grey Draconian Berserker on Apr 4, 2016.
             Was a High Priest of Trog.
             Slain by an ufetubus (4 damage)
             ... summoned by a kobold demonologist
             ... on level 14 of the Dungeon.
             The game lasted 00:21:18 (12122 turns).

namelastname112 the Carver (DrBe)                  Turns: 12122, Time: 00:21:19

Health: 0/116      AC: 16    Str: 22    XL:     13   Next: 26%
Magic:  4/4        EV: 17    Int:  6    God:    Trog [*****.]
Gold:   895        SH: 15    Dex: 15    Spells: 0 memorised, 12 levels left

rFire  . . .     SeeInvis +     d - +2 double sword (antimagic)
rCold  . . .     Gourm    .     (armour unavailable)
rNeg   + . .     Faith    .     x - +0 shield
rPois  .         Spirit   .     L - +0 hat {SInv}
rElec  .         Dismiss  .     v - +1 cloak {+Inv}
rCorr  .         Reflect  +     y - +0 pair of gloves
SustAt .         Harm     .     (no boots)
MR     +....                    E - +3 amulet of reflection
Stlth  +.........               I - ring of protection from magic
                                u - ring of positive energy

@: exhausted, slowed, drained, very slow, somewhat resistant to hostile
enchantments, very unstealthy
A: walk through water, unfitting armour, talons 1, screaming 1, unbreathing,
cold-blooded, AC +13
a: Berserk, Trog's Hand, Brothers in Arms, Burn Spellbooks, Renounce Religion,
Evoke Invisibility


You were on level 14 of the Dungeon.
You worshipped Trog.
Trog was extremely pleased with you.
You were hungry.

You visited 1 branch of the dungeon, and saw 14 of its levels.

You collected 895 gold pieces.

Inventory:

Hand Weapons
 d - a +2 antimagic double sword (weapon)
 o - a +6 short sword of electrocution
Missiles
 F - 3 throwing nets (quivered)
Armour
 v - a +1 cloak of invisibility (worn)
 x - a +0 shield (worn)
 y - a +0 pair of gloves (worn)
 L - a +0 hat of see invisible (worn)
Jewellery
 u - a ring of positive energy (left hand)
 E - a +3 amulet of reflection (around neck)
 I - a ring of protection from magic (right hand)
Wands
 n - a wand of flame (30/48)
 z - a wand of random effects (21/48)
 A - a wand of flame (24/48)
 D - a wand of slowing (20/48)
 N - a wand of disintegration (8/24)
Scrolls
 c - 9 scrolls of identify
 e - a scroll of recharging
 g - 3 scrolls of teleportation
 h - a scroll of blinking
 j - 6 scrolls of amnesia
 l - a scroll of immolation
 r - 9 scrolls of remove curse
 w - 2 scrolls of enchant armour
 M - a scroll of magic mapping
Potions
 i - 5 potions of cancellation
 k - 4 potions of lignification
 m - a potion of resistance
 p - a potion of flight
 q - 3 potions of ambrosia
 t - 9 potions of curing
 B - 2 potions of magic
 C - 6 potions of brilliance
 G - 2 potions of heal wounds
 J - a potion of cure mutation
Comestibles
 b - 12 bread rations
 f - 6 meat rations
 s - 9 fruits
 H - a royal jelly


   Skills:
 + Level 11.5(11.1) Fighting
 * Level 14.3(13.8) Long Blades
 + Level 10.0(9.6) Dodging
 + Level 10.2(9.8) Shields


You had 12 spell levels left.
You didn't know any spells.

Dungeon Overview and Level Annotations

Branches:
Dungeon (14/15)            Temple (0/1) D:6            Lair (0/8) D:11
    Orc (0/2) D:10         Vaults (0/5) D:13

Altars:
Ashenzari
Cheibriados
Dithmenos
Elyvilon
Nemelex Xobeh
Qazlal
Trog
Yredelemnul
Zin

Shops:
D:4 %   D:10 (   D:13 *

Annotations:
D:14 exclusion: Roxanne, Roxanne; namelastname112's ghost, journeyman DrBe


Innate Abilities, Weirdness & Mutations

You can walk through water.
Your dull iron-grey scales are very hard (AC +13).
Your body does not fit into most forms of armour.
You can survive without breathing.
You are cold-blooded and may be slowed by cold attacks.
You have sharp toenails.
You occasionally shout uncontrollably at your foes.


Message History

The smoke demon gestures at you. Something smites you!
* * * LOW HITPOINT WARNING * * *
The ufetubus completely misses you. You block the ufetubus's attack.
Namelastname112's ghost screams in joy, "As in life, so in death: Kill!
Kill!!
Kill!!!"
Namelastname112's ghost hits you!!
* * * LOW HITPOINT WARNING * * *
The iron imp hits you but does no damage.
The quasit closely misses you.
The quasit claws you but does no damage.
You block the quasit's attack.
You closely miss namelastname112's ghost.
Your kick misses namelastname112's ghost.
Namelastname112's ghost is almost destroyed.
You block the ufetubus's attack. x2; The quasit closely misses you.
The quasit barely misses you. You block the quasit's attack.
Namelastname112's ghost hits you!
* * * LOW HITPOINT WARNING * * *
The ufetubus closely misses you. The ufetubus hits you.
You die...

......#.....(.. ..#
......#'##########..#
....................#
......).............#
.......####.........#
###....# #.........#
#....# .#####'##..#
#.##+#.......5.# ....
#.# ......K5@# ....
##.# .%....35W# ...
#..# ..######.. ..
#..# . '... . #..#
#...# #..# #...#
##..# #...# ....#
....# ....#


You could see a kobold demonologist, a smoke demon, an iron imp, a quasit,
namelastname112's ghost and an ufetubus.

Vanquished Creatures
  Gastronok (D:8)
  3 vault guards (D:13)
  2 hydras
  Erolcha (D:8)
  A centaur warrior (D:12)
  A tengu warrior (D:14)
  An unseen horror (D:14)
  6 hill giants
  A deep elf mage (D:12)
  3 necromancers (D:13)
  A manticore (D:13)
  3 cyclopes
  Joseph (D:7)
  A gargoyle (D:11)
  An efreet (D:13)
  2 kobold demonologists (D:13)
  3 komodo dragons
  A tengu conjurer (D:13)
  3 merfolk
  A troll (shapeshifter) (D:14)
  A troll (D:11)
  A two-headed ogre (shapeshifter) (D:13)
  A two-headed ogre (D:10)
  A hornet zombie (D:14)
  Sigmund (D:2)
  3 wraiths
  12 yaks
  2 shadows (D:13)
  A vampire (D:13)
  5 wyverns
  19 humans (D:13)
  A hippogriff (D:12)
  2 hungry ghosts (D:10)
  2 vampire mosquitoes (D:12)
  A mottled dragon (D:11)
  Menkaure (D:7)
  A water moccasin (D:9)
  7 orc warriors
  4 sky beasts
  A wasp (D:12)
  A black bear (D:10)
  An eye of draining (D:9)
  6 ogres
  A tengu (D:13)
  4 centaurs
  A crocodile (D:11)
  5 big kobolds
  10 giant frogs
  A wyvern zombie (D:13)
  4 scorpions
  The ghost of namelastname112 the Skirmisher, a weakling DrBe of Trog (D:3)
  10 killer bees (D:10)
  8 wights
  A howler monkey (D:9)
  3 crimson imps
  A quasit (D:7)
  3 centaur zombies
  4 giant frog skeletons
  A gnoll shaman (D:9)
  7 hounds
  7 orc priests
  3 centaur skeletons
  5 jellies
  10 orc wizards
  Crazy Yiuf (D:2)
  Natasha (twice) (D:3)
  Terence (D:2)
  6 iguanas
  13 worker ants
  3 sheep (D:14)
  A hound zombie (D:5)
  A hound skeleton (D:6)
  Robin (D:2)
  2 worker ant zombies (D:9)
  8 gnolls
  16 adders
  A shadow imp (D:9)
  An ooze (D:3)
  4 adder skeletons
  A worm (D:3)
  3 dart slugs
  12 giant geckos
  46 orcs
  3 ball pythons
  8 bats
  6 giant cockroaches
  11 hobgoblins
  12 jackals
  7 quokkas
  4 giant newts
  22 goblins
  18 kobolds
  A quokka skeleton (D:5)
  10 rats
  A plant (D:9)
428 creatures vanquished.

Vanquished Creatures (others)
  An orc warrior (D:14)
  An orc priest (D:10)
2 creatures vanquished.

Grand Total: 430 creatures vanquished

Notes
Turn   | Place    | Note
--------------------------------------------------------------
     0 | D:1      | namelastname112 the Draconian Berserker began the quest for the Orb.
     0 | D:1      | Reached XP level 1. HP: 19/19 MP: 1/1
     0 | D:1      | namelastname112: i'm getting frustrated and tab too much
   193 | D:1      | Reached XP level 2. HP: 21/26 MP: 2/2
   230 | D:1      | Vulkandrache: play a wizard for a change
   258 | D:1      | namelastname112: mage backgrouds have no chance in duhz
   258 | D:1      | namelastname112: except like tm maybe
   512 | D:1      | Vulkandrache: no one said you need to do that
   607 | D:1      | Reached ** piety under Trog
   618 | D:1      | Vulkandrache: or are you on some bet?
   727 | D:1      | namelastname112: nah
   727 | D:1      | namelastname112: i just wanna do it
   727 | D:1      | namelastname112: i did 15 with feck, i did orbruntomb with femo
   727 | D:1      | namelastname112: i think i can do this
   779 | D:1      | Reached XP level 3. HP: 28/31 MP: 3/3
   912 | D:2      | Noticed Terence
   920 | D:2      | Killed Terence
   973 | D:2      | namelastname112: wtf
   973 | D:2      | namelastname112: terence had +5 elec short sword
   977 | D:2      | Reached skill level 1 in Shields
   978 | D:2      | Noticed Sigmund
   978 | D:2      | Found a basalt altar of Yredelemnul.
   987 | D:2      | Reached XP level 4. HP: 40/40 MP: 4/4
   993 | D:2      | Killed Sigmund
   993 | D:2      | Reached skill level 4 in Long Blades
   993 | D:2      | Reached XP level 5. HP: 34/46 MP: 5/5
  1135 | D:2      | Found a shattered altar of Ashenzari.
  1144 | D:2      | Noticed Robin
  1155 | D:2      | Killed Robin
  1159 | D:2      | Reached XP level 6. HP: 49/53 MP: 6/6
  1727 | D:2      | Noticed Crazy Yiuf
  1730 | D:2      | Killed Crazy Yiuf
  1730 | D:2      | Reached *** piety under Trog
  2037 | D:3      | Noticed Natasha
  2042 | D:3      | Reached skill level 5 in Long Blades
  2046 | D:3      | Killed Natasha
  2096 | D:3      | Noticed namelastname112's ghost (weakling DrBe)
  2104 | D:3      | Killed namelastname112's ghost
  2326 | D:3      | Reached **** piety under Trog
  2544 | D:3      | Found a sparkling altar of Nemelex Xobeh.
  2577 | D:3      | Noticed Natasha
  2582 | D:3      | Killed Natasha
  2582 | D:3      | Your scales start taking on a dull iron-grey colour.
  2582 | D:3      | Reached XP level 7. HP: 58/60 MP: 7/7
  2582 | D:3      | Gained mutation: You can survive without breathing. [Grey Draconian growth]
  2619 | D:4      | Found Sasauff's Food Shop.
  3030 | D:4      | Reached skill level 5 in Fighting
  3030 | D:4      | Reached skill level 6 in Long Blades
  3258 | D:5      | Entered Level 5 of the Dungeon
  3415 | D:5      | Found a stormy altar of Qazlal.
  3561 | D:5      | Found a sparkling altar of Nemelex Xobeh.
  3966 | D:6      | Reached XP level 8. HP: 69/69 MP: 8/8
  4046 | D:6      | Found a staircase to the Ecumenical Temple.
  4092 | D:6      | Reached skill level 7 in Long Blades
  4092 | D:6      | Reached skill level 5 in Dodging
  4323 | D:6      | Found a snail-covered altar of Cheibriados.
  4494 | D:7      | Noticed Joseph
  4512 | D:7      | Killed Joseph
  4709 | D:7      | Reached skill level 8 in Long Blades
  4868 | D:7      | Reached XP level 9. HP: 75/75 MP: 9/9
  4928 | D:7      | Noticed Menkaure
  4934 | D:7      | Killed Menkaure
  4934 | D:7      | Reached skill level 5 in Shields
  4967 | D:7      | Reached ***** piety under Trog
  5144 | D:8      | Received a gift from Trog
  5221 | D:8      | Noticed Erolcha
  5229 | D:8      | Killed Erolcha
  5229 | D:8      | Reached skill level 9 in Long Blades
  5511 | D:8      | Noticed Gastronok
  5521 | D:8      | Killed Gastronok
  5521 | D:8      | Reached skill level 10 in Long Blades
  5521 | D:8      | Reached XP level 10. HP: 88/88 MP: 10/10
  5863 | D:9      | Found a bloodstained altar of Trog.
  5866 | D:9      | Found a white marble altar of Elyvilon.
  5866 | D:9      | Found a glowing silver altar of Zin.
  5923 | D:9      | Found a shadowy altar of Dithmenos.
  6554 | D:10     | Entered Level 10 of the Dungeon
  6621 | D:10     | Received a gift from Trog
  6621 | D:10     | Reached skill level 11 in Long Blades
  7035 | D:10     | Reached XP level 11. HP: 95/95 MP: 11/11
  7043 | D:10     | Found Cilae's Weapon Shop.
  7046 | D:10     | Got a transparent hunting sling
  7047 | D:10     | Identified the cursed +1 hunting sling of the Hero {velocity, rC+} (You took it off an orc warrior on level 10 of the Dungeon)
  7058 | D:10     | Found a staircase to the Orcish Mines.
  7557 | D:10     | Noticed a hill giant
  7571 | D:10     | Killed a hill giant
  7607 | D:11     | Noticed a hill giant
  7618 | D:11     | Killed a hill giant
  7662 | D:11     | Noticed a six-headed hydra
  7675 | D:11     | Killed a six-headed hydra
  7881 | D:11     | Received a gift from Trog
  8189 | D:11     | Reached skill level 12 in Long Blades
  8446 | D:11     | Received a gift from Trog
  8696 | D:11     | Found a staircase to the Lair.
  9100 | D:12     | Noticed a centaur warrior
  9108 | D:12     | Killed a centaur warrior
  9182 | D:12     | Noticed a deep elf mage
  9192 | D:12     | Killed a deep elf mage
  9192 | D:12     | Reached skill level 10 in Fighting
  9244 | D:12     | Reached XP level 12. HP: 102/106 MP: 12/12
  9250 | D:12     | Received a gift from Trog
  9777 | D:13     | Reached skill level 13 in Long Blades
  9832 | D:13     | Noticed a seven-headed hydra
  9847 | D:13     | Killed a seven-headed hydra
 10411 | D:13     | Received a gift from Trog
 10505 | D:13     | Noticed a vault guard
 10529 | D:13     | Noticed a vault guard
 10532 | D:13     | Killed a vault guard
 10534 | D:13     | Reached ****** piety under Trog
 10538 | D:13     | Killed a vault guard
 10584 | D:13     | Gained mutation: You have sharp toenails. [helix card]
 10724 | D:13     | Noticed a vault guard
 10749 | D:13     | Killed a vault guard
 10749 | D:13     | Reached skill level 10 in Shields
 10749 | D:13     | Reached XP level 13. HP: 23/116 MP: 13/13
 10999 | D:13     | Received a gift from Trog
 10999 | D:13     | Reached skill level 14 in Long Blades
 11403 | D:13     | Found a gate to the Vaults.
 11514 | D:13     | Found Lis Sudi's General Store.
 11529 | D:13     | Gained mutation: You occasionally shout uncontrollably at your foes. [helix card]
 11540 | D:13     | Drew Focus: Str increased to 21, Int decreased to 7
 11541 | D:13     | Drew Focus: Str increased to 22, Int decreased to 6
 12032 | D:14     | Reached skill level 10 in Dodging
 12099 | D:14     | Noticed namelastname112's ghost (journeyman DrBe)
 12099 | D:14     | Noticed Roxanne
 12122 | D:14     | HP: 4/116 [namelastname112's ghost (7)]
 12122 | D:14     | Slain by an ufetubus

Vault maps used:
D:1:      evilmike_arrival_fibonacci_small
D:2:      lemuel_crystal_altar, first_bread, evilmike_ruin_ashenzari,
          uniq_terence, uniq_crazy_yiuf_cottage, uniq_robin, uniq_sigmund
D:3:      nrook_mini_vaults, nemelex_dance_club_becter, uniq_natasha
D:4:      serial_shops, shop, serial_bayou_lagoon_b
D:5:      lemuel_round_altar, nemelex_xobeh_ov_fountains_minmay
D:6:      marbit_many_paths, minmay_temple_entry_hall, wad_rectangle_vault
D:7:      lightli_corner_chamber, uniq_joseph, uniq_menkaure
D:8:      uniq_erolcha, uniq_gastronok
D:9:      gammafunk_temple_overflow_forgotten, nicolae_dithmenos_the_darkroom
D:10:     orc_0_dummy, serial_shops, shop, hangedman_fish_farm
D:11:     erik_lair_dragon
D:12:     serial_glass, glass_columns_a, glass_columns_a,
          hangedman_decor_peaks_small
D:13:     grunt_vaults_entry_tiered, serial_shops, nicolae_shop_crystal
D:14:     minmay_holes, nicolae_evil_shop, uniq_roxanne

Skill      XL: |  1  2  3  4  5  6  7  8  9 10 11 12 13 |
---------------+----------------------------------------+-----
Dodging        | 3 4 5 6 7 8 9 10 | 10.0
Shields        | 1 2 3 4 6 7 9 10 | 10.2
Fighting       | 4 5 6 7 8 10 11 | 11.5
Long Blades    | 4 5 6 8 10 11 12 13 14 | 14.3

Action                   |  1- 3 |  4- 6 |  7- 9 | 10-12 | 13-15 || total
-------------------------+-------+-------+-------+-------+-------++-------
Melee: Falchion          |    77 |       |       |       |       ||    77
       Short sword       |     5 |   150 |   253 |   929 |     5 ||  1342
       Double sword      |       |       |       |       |   158 ||   158
Invok: Berserk           |     3 |     1 |     2 |     4 |     1 ||    11
       Trog's Hand       |       |       |       |     2 |       ||     2
Evoke: Deck              |       |       |       |     1 |    12 ||    13
  Use: Scroll            |       |       |       |    22 |     3 ||    25
       Potion            |       |       |       |     1 |       ||     1
 Stab: Sleeping          |     1 |       |       |     2 |       ||     3
  Eat: Chunk             |     2 |     8 |    10 |    17 |     6 ||    43
       Beef jerky        |       |       |       |     2 |       ||     2
       Pizza             |       |       |       |     2 |       ||     2
